 Dungeon Crawl Stone Soup version 0.17.1-3-g152610e (webtiles) character file.

92 kaze the Bolt Thrower (level 4, -4/42 HPs)
             Began as a Troll Hunter on Apr 28, 2016.
             Was an Initiate of the Shining One.
             Slain by a gnoll
             ... wielding a +0 spear
              (6 damage)
             ... on level 3 of the Dungeon on May 3, 2016.
             The game lasted 00:04:57 (1349 turns).

kaze the Bolt Thrower (Troll Hunter)                Turns: 1349, Time: 00:04:57

Health: -4/42      AC:  5    Str: 20    XL:     4   Next: 35%
Magic:  3/3        EV: 10    Int:  7    God:    the Shining One [......]
Gold:   126        SH:  0    Dex: 11    Spells: 0 memorised, 3 levels left

rFire  x . .     SeeInvis .     b - +0 short sword
rCold  + . .     Clarity  .     c - +0 robe
rNeg   . . .     SustAt   .     (no shield)
rPois  .         Gourm    +     (helmet restricted)
rElec  .         Spirit   .     (no cloak)
rCorr  .         Warding  .     (gloves unavailable)
rMut   .         Stasis   .     (boots unavailable)
MR     .....                    (no amulet)
Stlth  ++........               o - ring of stealth
                                m - ring of ice

@: not resistant to hostile enchantments, unstealthy
A: unfitting armour, claws 3, blink, fast metabolism 3, gourmand, regeneration
2, shaggy fur 1, tough skin 2
a: Blink, Renounce Religion


You were on level 3 of the Dungeon.
You worshipped the Shining One.
The Shining One was noncommittal.
You were not hungry.

You visited 1 branch of the dungeon, and saw 3 of its levels.

You collected 126 gold pieces.

Inventory:

Hand Weapons
 a - a +1 hand crossbow
 b - a +0 short sword (weapon)
Armour
 c - a +0 robe (worn)
Jewellery
 m - a ring of ice (left claw)
 o - a ring of stealth (right claw)
 r - an uncursed amulet of guardian spirit {unknown}
Scrolls
 f - a scroll of fog
 g - a scroll of magic mapping {unknown}
 h - a scroll of enchant weapon {unknown}
 i - 2 scrolls of remove curse {unknown}
 j - a scroll of enchant armour {unknown}
 l - 3 scrolls of identify {unknown}
 n - a scroll of immolation {unknown}
 q - a scroll of random uselessness {unknown}
Potions
 p - a potion of degeneration {unknown}
Comestibles
 e - a bread ration
 k - a meat ration


   Skills:
 + Level 1.7 Fighting
 + Level 0.2 Short Blades
 + Level 3.7 Crossbows
 + Level 1.9 Dodging
 + Level 0.6 Stealth


You had 3 spell levels left.
You didn't know any spells.

Dungeon Overview and Level Annotations

Branches:
Dungeon (3/15)

Altars:
Dithmenos
Sif Muna
Trog
Xom
The Shining One


Innate Abilities, Weirdness & Mutations

You are too large for most types of armour.
You have claws for hands.
Your metabolism is lightning-fast.
You like to eat raw meat.
You heal very quickly.
You are covered in fur (AC +1).
You have very tough skin (AC +2).
You can translocate small distances at will.


Message History

The gnoll is heavily wounded.
The jackal bites you.
* * * LOW HITPOINT WARNING * * *
The gnoll hits you with a spear.
* * * LOW HITPOINT WARNING * * *
The jackal barks!
You hit the gnoll.
The gnoll is severely wounded.
The jackal barely misses you. The jackal bites you.
* * * LOW HITPOINT WARNING * * *
The gnoll closely misses you.
You hit the gnoll but do no damage.
The gnoll is severely wounded.
The jackal bites you but does no damage.
The gnoll hits you but does no damage.
You hit the gnoll.
The gnoll is almost dead.
The jackal bites you but does no damage.
The gnoll hits you with a spear.
You die...

..##........###
...####.......#####
.....###..#.......#
....).###..#####...
...#<...##...(##
..###.#.#####..#
.... .......##.###
##### #........g.#
.........@###
..>.....†hh.#
..........#(......
.#
..........##......
.# .##########
...... # .....
..... .... ....


You could see a gnoll and 2 jackals.

Vanquished Creatures
  Natasha (twice) (D:3)
  2 adders (D:2)
  4 bats
  A giant cockroach (D:3)
  4 goblins
  9 hobgoblins
  4 jackals
  2 quokkas
  2 ball pythons (D:2)
  A giant newt (D:1)
  3 kobolds (D:1)
  7 rats
  2 fungi (D:1)
43 creatures vanquished.

Notes
Turn   | Place    | Note
--------------------------------------------------------------
     0 | D:1      | kaze the Troll Hunter began the quest for the Orb.
     0 | D:1      | Reached XP level 1. HP: 19/19 MP: 0/0
   206 | D:1      | Reached XP level 2. HP: 19/27 MP: 1/1
   278 | D:1      | Reached skill level 3 in Crossbows
   576 | D:2      | Reached XP level 3. HP: 33/33 MP: 2/2
   683 | D:2      | Found a shadowy altar of Dithmenos.
   962 | D:2      | Found a glowing golden altar of the Shining One.
   965 | D:2      | Found a shimmering altar of Xom.
   968 | D:2      | Found a bloodstained altar of Trog.
   979 | D:2      | Found a deep blue altar of Sif Muna.
  1072 | D:2      | Became a worshipper of the Shining One
  1251 | D:3      | Gained mutation: You can translocate small distances at will. [potion of beneficial mutation]
  1258 | D:3      | Noticed Natasha
  1265 | D:3      | Killed Natasha
  1265 | D:3      | Reached XP level 4. HP: 31/42 MP: 3/3
  1323 | D:3      | Noticed Natasha
  1333 | D:3      | Killed Natasha
  1346 | D:3      | HP: 2/42 [gnoll/spear (3)]
  1349 | D:3      | Slain by a gnoll

Action                   |  1- 3 |  4- 6 || total
-------------------------+-------+-------++-------
Melee: Short sword       |    30 |     7 ||    37
 Fire: Hand crossbow     |    83 |    10 ||    93
  Use: Potion            |     2 |       ||     2
       Scroll            |     1 |       ||     1
  Eat: Chunk             |     6 |     2 ||     8
       Bread ration      |     1 |       ||     1
